Map: Nightshade LE

Players

bleu

  • Race: Zerg Zerg
  • League: Diamond
  • Spawn Location: 5:00

A.I. 1 (Very Easy) - Winner!

  • Race: Protoss Protoss
  • Spawn Location: 11:00

VOD

Have the link to the VOD?

Description

Time

  • Played on: March 24, 2020, 6:19 p.m.
  • Length: 5:08
Show
View Real Time Build Order
Export as new Build Order

bleu Zerg 

Build Orders: Hatch First 

Get SALT Encoding   

  12  0:01  Drone  
  13  0:12  Overlord  
  13  0:16  Drone  
  14  0:31  Drone x2  
  16  0:49  Hatchery  
  15  0:52  Drone  
  15  0:55  Drone  
  17  0:59  Drone  
  18  1:09  Extractor  
  17  1:14  Spawning Pool  
  17  1:17  Drone  
  17  1:20  Drone  
  18  1:28  Drone  
  19  1:39  Drone  
  20  1:49  Overlord  
  20  2:00  Queen  
  20  2:01  Queen, Zergling x2  
  24  2:02  Zergling x2  
  26  2:11  Drone  
  26  2:12  Drone  
  26  2:13  Metabolic Boost  
  28  2:22  Drone x2  
  30  2:38  Hatchery  
  30  2:43  Drone x2  
  31  2:50  Queen  
  33  2:55  Overlord  
  33  2:58  Drone  
  33  3:00  Drone  
  33  3:03  Drone  
  36  3:08  Pneumatized Carapace  
  36  3:14  Drone x3  
  36  3:17  Drone  
  40  3:21  Overlord  
  40  3:24  Drone  
  40  3:25  Drone  
  42  3:31  Queen  
  44  3:35  Overlord  
  44  3:41  Drone x3  
  46  3:43  Drone  
  46  3:45  Drone  
  46  3:47  Drone  
  51  3:48  Drone  
  51  3:51  Drone  
  51  3:55  Queen  
  52  3:57  Drone  
  52  3:58  Drone  
  56  4:05  Drone  
  56  4:06  Drone x3  
  56  4:09  Queen  
  62  4:15  Drone x4  
  66  4:17  Overlord  
  66  4:20  Overlord  
  66  4:35  Evolution Chamber  
  66  4:36  Evolution Chamber, Drone x2  
  66  4:37  Roach Warren  
  65  4:41  Extractor  
  65  4:42  Drone  
  65  4:43  Drone x4  
  69  4:49  Extractor  
  69  4:51  Extractor  
Show
View Real Time Build Order
Export as new Build Order

A.I. 1 (Very Easy) Protoss - Winner!

Build Orders:  

Get SALT Encoding   

  12  0:00  Probe  
  13  0:13  Probe  
  14  0:20  Pylon  
  14  0:37  Assimilator  
  14  0:43  Gateway  
  14  0:46  Pylon  
  14  1:13  Assimilator  
  14  1:16  Probe  
  14  1:24  Probe  
  15  1:32  Probe  
  16  1:34  Cybernetics Core  
  17  1:42  Probe  
  18  1:55  Probe  
  18  2:00  Warp Gate  
  19  2:03  Probe  
  20  2:13  Stalker  
Tags
 
League
Diamond
Matchup
PvZ
Spawn Locations
Cross Positions
Add a new tag
Caveats
  • Supply blocks, unpowered buildings, or Contaminate may cause inaccurate times.
  • Supply counts are checked every 10 seconds.